 Dungeon Crawl Stone Soup version 0.27.1-4-g1640c2035a (webtiles) character file.

Game seed: 16380276282350577227

68 croobank the Digger (level 4, 0/24 HPs)
             Began as a Gargoyle Earth Elementalist on Nov 16, 2021.
             Slain by Crazy Yiuf (4 damage)
             ... on level 2 of the Dungeon.
             The game lasted 00:14:49 (2339 turns).

croobank the Digger (Gargoyle Earth Elementalist)   Turns: 2339, Time: 00:14:49

Health: 0/24       AC:  5    Str: 12    XL:     4   Next: 19%
Magic:  14/16      EV: 12    Int: 16    God:
Gold:   39         SH:  0    Dex: 10    Spells: 5/7 levels left

rFire    . . .     SeeInvis .   n - +1 short sword
rCold    . . .     Faith    .   (no shield)
rNeg     + . .     Spirit   .   b - +0 robe
rPois    ∞         Reflect  .   (no helmet)
rElec    +         Harm     .   (no cloak)
rCorr    .         Rampage  .   (no gloves)
Will     .....                  (no boots)
Stlth    ++........             e - amulet of the acrobat
HPRegen  0.08/turn              a - ring of magical power
MPRegen  0.15/turn              (no ring)

@: no status effects
A: sickness immunity, AC +3, negative energy resistance 1, electricity
resistance, torment resistance 1, petrification resistance
a: no special abilities


You were on level 2 of the Dungeon.
You visited 1 branch of the dungeon, and saw 3 of its levels.

You collected 39 gold pieces.

Inventory:

Hand Weapons
 f - a +0 dagger
 i - a +0 flail
 k - a +0 spear
 n - a +1 short sword (weapon)
 p - a +0 executioner's axe
 r - a +1 mace of protection
Missiles
 c - 35 stones
 j - 4 boomerangs
Armour
 b - a +0 robe (worn)
 q - a +0 ring mail
Jewellery
 a - a ring of magical power (left hand)
 e - an amulet of the acrobat (around neck)
Scrolls
 l - a scroll of identify {unknown}
Potions
 d - a potion of lignification {unknown}
 g - a potion of brilliance {unknown}
 h - a potion of might {unknown}
 m - 2 potions of ambrosia {unknown}
 o - a potion of curing {unknown}


   Skills:
 + Level 0.3 Fighting
 + Level 0.4 Short Blades
 + Level 1.7 Dodging
 + Level 3.2 Stealth
 + Level 0.1 Unarmed Combat
 + Level 2.4 Spellcasting
 + Level 0.7 Transmutations
 + Level 4.6 Earth Magic


You had 5 spell levels left.
You knew the following spells:

 Your Spells              Type           Power      Damage    Failure   Level
a - Sandblast             Erth           32%        2d9       3%          1
b - Summon Small Mammal   Summ           4%         N/A       21%         1

Your spell library contained the following spells:

 Spells                   Type           Power      Damage    Failure   Level
 Passwall                 Tmut/Erth      8%         N/A       10%         2
 Stone Arrow              Conj/Erth      18%        3d8       22%         3
 Call Canine Familiar     Summ           1%         N/A       52%         3
 Summon Guardian Golem    Hex/Summ       1%         N/A       52%         3
 Petrify                  Tmut/Erth      10%        N/A       54%         4


Dungeon Overview and Level Annotations

Branches:
Dungeon (3/15)

Altars:

Shops:
D:2 [

Annotations:
D:2 Crazy Yiuf


Innate Abilities, Weirdness & Mutations

You are immune to sickness and miasma.
Your stone body is resilient. (AC +3)
You are immune to poison.
You resist negative energy. (rN+)
You are resistant to electric shocks. (rElec)
You are resistant to unholy torment.
You are immune to petrification.


Message History

Item here: a mace.
The floor.
Could not travel, unopened runed door.
Your +1 mace of protection hums with potential!
r - a +1 mace of protection (weapon)
Your +1 mace of protection goes still.
n - a +1 short sword (weapon)
Casting: Sandblast (safe; 3% risk of failure)
Confirm with . or Enter, or press ? or * to list all spells.
Crazy Yiuf laughs, "Papa blue senile!"
You open the door.
You swap places.
Crazy Yiuf hits your rat with a +2 quarterstaff of chaos!
Your rat dies!
Your rat's corpse disappears in a puff of smoke!
You see here a +0 mace.
Aiming: Sandblast (safe; 3% risk of failure)
Press: ? - help, Q - select action, (/) - cycle Shift-Dir - straight line, f/p - Crazy Yiuf
Aim: Crazy Yiuf, wielding a +2 quarterstaff of chaos and wearing a +0 cloak (82% to hit)
The blast of sand misses Crazy Yiuf.
Aiming: Sandblast (safe; 3% risk of failure)
Press: ? - help, Q - select action, (/) - cycle Shift-Dir - straight line, f/p - Crazy Yiuf
Aim: Crazy Yiuf, wielding a +2 quarterstaff of chaos and wearing a +0 cloak (82% to hit)
The blast of sand hits Crazy Yiuf!
Crazy Yiuf is heavily wounded.
Crazy Yiuf hits you with a +2 quarterstaff of chaos.
Space warps horribly around you!
Okay, then.
You hit Crazy Yiuf.
Crazy Yiuf is heavily wounded.
Crazy Yiuf barely misses you.
You hit Crazy Yiuf.
Crazy Yiuf is heavily wounded.
Crazy Yiuf barely misses you.
You barely miss Crazy Yiuf.
Crazy Yiuf is heavily wounded.
Crazy Yiuf hits you with a +2 quarterstaff of chaos!
* * * LOW HITPOINT WARNING * * *
Crazy Yiuf freezes you.
You die...

......#...)....#.....#
..###................#
.## ###..#############
..#####..# ..#......#
.........##♣♣ ###
.##.......#.♣♣ ♣♣#)))#
..#......)...♣♣♣♣g')).#
#.......).....♣)@♣#)))#
###......)#.)♣)♣♣♣ ###
####...##♣♣♣♣♣ #...##
#..## #... #..# ....
....


You could see Crazy Yiuf.

Vanquished Creatures
  Terence (D:2)
  An adder (D:2)
  2 worms (D:2)
  An orc (D:2)
  3 ball pythons
  5 bats
  A giant cockroach (D:2)
  3 hobgoblins
  A quokka (D:2)
  4 frilled lizards (D:1)
  3 goblins
  3 kobolds
  3 rats
31 creatures vanquished.

Notes
Turn   | Place    | Note
-------+----------+-------------------------------------------
     0 | D:1      | croobank the Gargoyle Earth Elementalist began the quest
                  | for the Orb.
     0 | D:1      | Reached XP level 1. HP: 10/10 MP: 3/3
   658 | D:1      | Reached XP level 2. HP: 15/15 MP: 5/5
   672 | D:1      | Noticed a shining eye
   674 | D:1      | Found a faded altar of an unknown god.
   675 | D:1      | Noticed a great orb of eyes
   675 | D:1      | Noticed a floating eye
   675 | D:1      | Noticed a great orb of eyes
   689 | D:1      | Learned a level 1 spell: Summon Small Mammal
   883 | D:2      | Reached skill level 4 in Earth Magic
   905 | D:2      | You fall into a shaft and drop 1 floor!
  1061 | D:2      | Noticed Terence
  1120 | D:2      | Reached XP level 3. HP: 7/19 MP: 6/6
  1810 | D:2      | Found Dojukk's Armour Shoppe.
  2202 | D:2      | Killed Terence
  2203 | D:2      | Reached XP level 4. HP: 17/24 MP: 7/7
  2324 | D:2      | Found a runed translucent door.
  2325 | D:2      | Noticed Crazy Yiuf
  2339 | D:2      | Slain by Crazy Yiuf

Illustrated notes

Levels and vault maps discovered:
D:1:      mrwooster_arrival_statue, layout_basic,
          hellmonk_ecumenical_altar_watching_god, serial_forest,
          infiniplex_forest_zigzag_1, infiniplex_forest_clump_long,
          infiniplex_forest_zigzag_2, infiniplex_forest_zigzag_1,
          infiniplex_forest_join, infiniplex_forest_clump_double,
          infiniplex_forest_lined_3_way
D:2:      layout_rooms, serial_shops, shop, minmay_misc_feat_cross,
          uniq_crazy_yiuf_cottage, uniq_terence
D:3:      layout_loops_ring, lemuel_tele_altar, gammafunk_ghost_nasty_kobolds,
          uniq_jessica, uniq_robin

Skill      XL: |  1  2 |
---------------+-------+-----
Earth Magic    | 4 |  4.6
Stealth        | 3 |  3.2
Fighting       | |  0.3
Short Blades   | |  0.4
Dodging        | |  1.7
Unarmed Combat | |  0.1
Spellcasting   | |  2.4
Transmutations | |  0.7

Action                   |  1- 3 |  4- 6 || total
-------------------------+-------+-------++-------
Melee: Unarmed           |    13 |       ||    13
       Dagger            |    55 |       ||    55
       Short sword       |    18 |     3 ||    21
Throw: Boomerang         |     3 |       ||     3
 Cast: Sandblast         |    32 |     2 ||    34
       Summon Small Mamm |       |     1 ||     1
  Use: Scroll            |     5 |       ||     5
 Stab: Sleeping          |     3 |       ||     3
Armor: Robe              |    31 |       ||    31
Dodge: Dodged            |    66 |     2 ||    68
